 Dungeon Crawl Stone Soup version 0.27.1-33-g824d729ab1 (webtiles) character file.

Game seed: 5607076512352810679

1528 pkoi the Ruffian (level 8, -19/59 HPs)
             Began as a Grey Draconian Artificer on Dec 8, 2021.
             Was a Believer of Okawaru.
             Demolished by a two-headed ogre (30 damage)
             ... on level 6 of the Dungeon.
             The game lasted 00:09:51 (9104 turns).

pkoi the Ruffian (Grey Draconian Artificer)         Turns: 9104, Time: 00:09:53

Health: -19/59     AC: 13    Str: 15    XL:     8   Next: 55%
Magic:  20/22      EV: 14    Int: 13    God:    Okawaru [**....]
Gold:   289        SH:  0    Dex: 12    Spells: 10/13 levels left

rFire    . . .     SeeInvis .     - Unarmed
rCold    . . .     Faith    .   (no shield)
rNeg     . . .     Spirit   .   (armour unavailable)
rPois    .         Reflect  .   (helmet restricted)
rElec    .         Harm     .   u - +0 cloak
rCorr    .         Rampage  .   (no gloves)
Will     .....                  i - +0 pair of boots
Stlth    +++.......             (no amulet)
HPRegen  0.19/turn              t - ring of magical power
MPRegen  0.18/turn              (no ring)

@: heroic
A: AC +11, amphibious, unfitting armour, cold-blooded
a: Renounce Religion, Heroism


You were on level 6 of the Dungeon.
You worshipped Okawaru.
Okawaru was pleased with you.
You visited 2 branches of the dungeon, and saw 7 of its levels.

You collected 289 gold pieces.

Inventory:

Hand Weapons
 a - a +0 club
 e - a +0 whip
 k - a +3 dagger
 n - a +2 whip of electrocution
Missiles
 h - 21 poisoned darts (quivered)
 v - 3 boomerangs
Armour
 i - a +0 pair of boots (worn)
 u - a +0 cloak (worn)
Jewellery
 t - a ring of magical power (left hand)
Wands
 b - a wand of flame (3)
 c - a wand of charming (13)
Scrolls
 g - 2 scrolls of teleportation
 p - a scroll of magic mapping
 w - a scroll of identify
Potions
 f - a potion of invisibility {unknown}
 j - 6 potions of curing {unknown}
 l - 2 potions of haste
 m - 2 potions of lignification
 o - a potion of resistance
 q - 4 potions of might {unknown}
 r - a potion of magic {unknown}
 s - 2 potions of heal wounds {unknown}
Miscellaneous
 d - a piece from Xom's chessboard (15/15)


   Skills:
 - Level 1.1(6.1) Fighting
 - Level 2.1(7.1) Dodging
 - Level 0.8(5.8) Stealth
 * Level 7.5(12.5) Unarmed Combat
 + Level 3.4 Spellcasting
 + Level 3.7 Translocations
 + Level 3.4 Invocations
 - Level 4.5 Evocations


You had 10 spell levels left.
You knew the following spells:

 Your Spells              Type           Power      Damage    Failure   Level
a - Gell's Gravitas       Tloc           6%         N/A       14%         3

Your spell library contained the following spells:

 Spells                   Type           Power      Damage    Failure   Level
 Lesser Beckoning         Tloc           6%         N/A       14%         3
 Teleport Other           Tloc           12%        N/A       14%         3


Dungeon Overview and Level Annotations

Branches:
Dungeon (6/15)             Temple (1/1) D:4

Altars:
Ashenzari
Cheibriados
Dithmenos
Elyvilon
Fedhas
Gozag
Hepliaklqana
Kikubaaqudgha
Makhleb
Nemelex Xobeh
Okawaru
Qazlal
Ru
Sif Muna
Trog
Uskayaw
Vehumet
Xom
Yredelemnul
The Shining One


Innate Abilities, Weirdness & Mutations

Your dull iron-grey scales are very hard. (AC +11)
You are amphibious.
You cannot fit into any form of body armour.
You are cold-blooded and may be slowed by cold attacks.


Message History

You throw a poisoned dart.
The poisoned dart hits the two-headed ogre.
Throw: 25 darts (poison)
Press: ? - help, Q - select action, (/) - cycle Shift-Dir - straight line, f/p - two-headed ogre
Aim: a two-headed ogre, wielding two +0 giant spiked clubs (poisoned, 72% to hit)
You throw a poisoned dart.
The poisoned dart hits the two-headed ogre.
Throw: 24 darts (poison)
Press: ? - help, Q - select action, (/) - cycle Shift-Dir - straight line, f/p - two-headed ogre
Aim: a two-headed ogre, wielding two +0 giant spiked clubs (lightly wounded, poisoned, 72% to hit)
You throw a poisoned dart.
The poisoned dart barely misses the two-headed ogre.
Throw: 23 darts (poison)
Press: ? - help, Q - select action, (/) - cycle Shift-Dir - straight line, f/p - two-headed ogre
Aim: a two-headed ogre, wielding two +0 giant spiked clubs (lightly wounded, poisoned, 72% to hit)
You throw a poisoned dart.
The poisoned dart hits the two-headed ogre.
The two-headed ogre is lightly wounded.
Throw: 22 darts (poison)
Press: ? - help, Q - select action, (/) - cycle Shift-Dir - straight line, f/p - two-headed ogre
Aim: a two-headed ogre, wielding two +0 giant spiked clubs (lightly wounded, poisoned, 72% to hit)
You throw a poisoned dart.
The poisoned dart closely misses the two-headed ogre.
Your +2 whip of electrocution stops crackling.
You are now empty-handed.
You gain the combat prowess of a mighty hero.
The two-headed ogre hits you with a +0 giant spiked club!!
The two-headed ogre completely misses you.
You hit the two-headed ogre.
The two-headed ogre is lightly wounded.
The two-headed ogre barely misses you. The two-headed ogre misses you.
You punch the two-headed ogre!
The two-headed ogre is moderately wounded.
You punch the two-headed ogre!
The two-headed ogre is heavily wounded.
The two-headed ogre hits you with a +0 giant spiked club!!
* * * LOW HITPOINT WARNING * * *
The two-headed ogre hits you with a +0 giant spiked club!!
Ouch! That really hurt!
You die...

#........... #.........#
.# ......##### .# .
.....###### .# ..
.##.......## ##.# ...
.###.####..## #.. ..
###..# ##..# #.###$###.
# #.## ####.###.#.......
# #.# #........@O.(.(((
###.####[###....#.......
)........######.........
)[..)......# #.#.......
<.########....#.#.......
[## ###.#.#....... .#
#.#####... .#### #.# #..
....#


You could see a two-headed ogre (poisoned).

Vanquished Creatures
  Pikel (D:6)
  2 ogres
  A necrophage (D:5)
  3 lemures (D:6)
  A scorpion (D:6)
  A water moccasin skeleton (D:4)
  2 wights (D:6)
  A howler monkey (D:4)
  A bullfrog zombie (D:5)
  4 orc priests
  A hound (D:4)
  2 iguanas
  Natasha (twice) (D:3)
  A howler monkey zombie (D:6)
  A howler monkey skeleton (D:5)
  8 gnolls
  8 adders
  2 white imps
  5 worms
  12 orcs
  5 endoplasms
  6 goblins
  4 hobgoblins
  2 jackals (D:2)
  2 quokkas
  7 ball pythons
  12 bats
  5 frilled lizards
  11 kobolds
  7 rats
120 creatures vanquished.

Vanquished Creatures (collateral kills)
  An orc (D:2)
1 creature vanquished.

Vanquished Creatures (others)
  5 fungi (D:3)
5 creatures vanquished.

Grand Total: 126 creatures vanquished

Notes
Turn   | Place    | Note
-------+----------+-------------------------------------------
     0 | D:1      | pkoi the Draconian Artificer began the quest for the Orb.
     0 | D:1      | Reached XP level 1. HP: 16/16 MP: 1/1
   279 | D:1      | Reached skill level 1 in Unarmed Combat
   318 | D:1      | Reached XP level 2. HP: 21/23 MP: 2/2
   880 | D:1      | Reached skill level 2 in Unarmed Combat
  1202 | D:1      | Found a faded altar of an unknown god.
  1326 | D:2      | Reached XP level 3. HP: 28/28 MP: 3/3
  2848 | D:3      | Found a shimmering blue altar of Sif Muna.
  2855 | D:3      | Found a snail-covered altar of Cheibriados.
  3277 | D:2      | Reached skill level 3 in Unarmed Combat
  3277 | D:2      | Reached XP level 4. HP: 32/35 MP: 4/4
  3800 | D:3      | Reached XP level 5. HP: 34/40 MP: 5/5
  3820 | D:2      | Reached skill level 4 in Unarmed Combat
  4677 | D:3      | Noticed Natasha
  4687 | D:3      | Killed Natasha
  4970 | D:3      | Noticed Natasha
  4983 | D:3      | Killed Natasha
  4984 | D:3      | Reached XP level 6. HP: 36/47 MP: 6/6
  5144 | D:3      | Learned a level 3 spell: Gell's Gravitas
  5187 | D:4      | Reached skill level 5 in Unarmed Combat
  5264 | D:4      | Reached skill level 1 in Translocations
  5279 | D:4      | Reached skill level 1 in Spellcasting
  5294 | D:4      | Found a staircase to the Ecumenical Temple.
  5308 | Temple   | Entered the Ecumenical Temple
  5529 | Temple   | Became a worshipper of Warmaster Okawaru
  5823 | D:3      | Found a hide-covered altar of Uskayaw.
  5852 | D:5      | Entered Level 5 of the Dungeon
  6238 | D:5      | Your scales start taking on a dull iron-grey colour.
  6238 | D:5      | Reached XP level 7. HP: 52/52 MP: 9/9
  6493 | D:5      | Found an opulent altar of Gozag.
  6493 | D:5      | Found a sparkling altar of Nemelex Xobeh.
  6688 | D:5      | Reached skill level 1 in Invocations
  6747 | D:5      | Reached skill level 6 in Unarmed Combat
  7277 | D:5      | Found a hazy altar of Hepliaklqana.
  7638 | D:6      | Reached * piety under Okawaru
  8333 | D:6      | Reached XP level 8. HP: 50/59 MP: 12/12
  8665 | D:6      | Noticed Pikel
  8749 | D:6      | Killed Pikel
  8749 | D:6      | Reached ** piety under Okawaru
  8750 | D:6      | Reached skill level 7 in Unarmed Combat
  8782 | D:6      | Noticed a two-headed ogre
  9104 | D:6      | Demolished by a two-headed ogre

Illustrated notes

Levels and vault maps discovered:
D:1:      tarquinn_simple_flora_water_e, layout_rooms,
          chequers_ecumenical_altar_twisty, minmay_misc_feat_pillars
D:2:      layout_basic
D:3:      layout_rooms, nicolae_overflow_hidden_temple,
          mainiacjoe_overflow_chevrons, serial_glass, glass_columns_a,
          glass_columns_b, glass_columns_a, glass_columns_b, glass_columns_b,
          glass_columns_c, uniq_natasha
D:4:      layout_rooms, minmay_temple_entry_stoned_glass
D:5:      layout_layer_cave, grunt_temple_overflow_opulence,
          worldfamousw_hep_ancestral_shrine, st_stairs_12
D:6:      layout_rooms, serial_corexii_hall, corexii_hall_statues_deadend,
          corexii_hall_statues_deadend, uniq_pikel
Temple:   eino_temple_water

Skill      XL: |  1  2  3  4  5  6  7  8 |
---------------+-------------------------+-----
Unarmed Combat | 1 2 3 4 5 6 7 |  7.5
Evocations     | 4 |  4.5
Translocations | 1 2 3 |  3.7
Spellcasting   | 1 2 3 |  3.4
Invocations    | 2 3 |  3.4
Fighting       | |  1.1
Dodging        | |  2.1
Stealth        | |  0.8

Action                   |  1- 3 |  4- 6 |  7- 9 || total
-------------------------+-------+-------+-------++-------
Melee: Club              |    12 |       |       ||    12
       Whip              |   195 |    92 |   134 ||   421
       Tailslap          |    28 |    15 |    19 ||    62
       Dagger            |     5 |    43 |       ||    48
       Punch             |     3 |     4 |     6 ||    13
       Unarmed           |       |       |     3 ||     3
Throw: Dart              |       |       |     6 ||     6
Invok: Heroism           |       |       |     2 ||     2
Evoke: Wand              |     2 |    12 |       ||    14
       Piece from Xom's  |       |     1 |     2 ||     3
  Use: Scroll            |     4 |     4 |     1 ||     9
 Stab: Sleeping          |     2 |       |       ||     2
       Confused          |       |       |     1 ||     1
Armor: Skin              |    86 |    34 |    76 ||   196
Dodge: Dodged            |   169 |    93 |   100 ||   362
